 Dungeon Crawl Stone Soup version 0.29.1-13-g9f3cf754e1 (webtiles) character file.

Game seed: 9826651613487614841

214 Thatpatchoflichen the Cudgeller (level 5, -4/54 HPs)
             Began as an Ogre Monk on Feb 11, 2023.
             Was a Believer of Wu Jian.
             Slain by an iguana (10 damage)
             ... on level 4 of the Dungeon.
             The game lasted 00:05:47 (4310 turns).

Thatpatchoflichen the Cudgeller (Ogre Monk)         Turns: 4310, Time: 00:05:48

Health: -4/54      AC:  3    Str: 17    XL:     5   Next: 92%
Magic:  5/5        EV: 10    Int: 11    God:    Wu Jian [**....]
Gold:   187        SH:  0    Dex: 11    Spells: 4/4 levels left

rFire   . . .      SeeInvis .   a - +0 mace
rCold   . . .      Faith    .   (no shield)
rNeg    . . .      Spirit   .   b - +0 robe
rPois   .          Reflect  .   (helmet restricted)
rElec   .          Harm     .   (no cloak)
rCorr   .          Rampage  .   (gloves unavailable)
Will    .....                   (boots unavailable)
Stlth   ++........              (no amulet)
HPRegen 0.18/turn               (no ring)
MPRegen 0.09/turn               (no ring)

@: no status effects
A: large, unfitting armour, tough skin 1
a: Renounce Religion, Wall Jump


You were on level 4 of the Dungeon.
You worshipped Wu Jian.
Wu Jian was pleased with you.
You visited 2 branches of the dungeon, and saw 5 of its levels.

You collected 187 gold pieces.

Inventory:

Hand Weapons
 a - a +0 mace (weapon)
Missiles
 j - 7 poisoned darts (quivered)
Armour
 b - a +0 robe (worn)
Magical Staves
 p - a staff of fire
Jewellery
 l - a ring of wizardry
 n - a ring of fire
Scrolls
 d - 2 scrolls of teleportation {unknown}
 e - 4 scrolls of identify {unknown}
 f - a scroll of amnesia {unknown}
 g - 2 scrolls of enchant weapon {unknown}
 i - a scroll of noise {unknown}
 m - a scroll of fear {unknown}
 q - a scroll of silence {unknown}
Potions
 c - a potion of ambrosia
 h - 3 potions of curing {unknown}
 k - a potion of might {unknown}
 o - a potion of cancellation {unknown}
 r - a potion of heal wounds {unknown}


   Skills:
 - Level 4.0 Fighting
 + Level 5.8 Maces & Flails
 - Level 2.6 Dodging
 - Level 1.4 Stealth


You had 4 spell levels left.
You didn't know any spells.
Your spell library contained the following spells:

 Spells                   Type           Power      Damage    Failure   Level
 Foxfire                  Conj/Fire      0%         2x1d4     34%         1
 Sublimation of Blood     Necr           0%         N/A       47%         2
 Wereblood                Tmut           0%         N/A       47%         2
 Dazzling Flash           Conj/Hex       0%         N/A       71%         3
 Gell's Gravitas          Tloc           0%         N/A       71%         3
 Ozocubu's Armour         Ice            0%         N/A       71%         3
 Teleport Other           Tloc           0%         N/A       71%         3
 Iskenderun's Mystic Bla  Conj/Tloc      0%         2d3       98%         4
 Sticky Flame             Conj/Fire      0%         2d3       98%         4
 Metabolic Englaciation   Hex/Ice        0%         N/A       100%        5
 Dispersal                Tloc           0%         N/A       100%        6
 Simulacrum               Ice/Necr       0%         N/A       100%        6
 Starburst                Conj/Fire      0%         6d3       100%        6
 Ozocubu's Refrigeration  Ice            0%         4d7       100%        7
 Summon Hydra             Summ           0%         N/A       100%        7


Dungeon Overview and Level Annotations

Branches:
Dungeon (4/15)             Temple (1/1) D:4

Altars:
Ashenzari
Fedhas
Gozag
Hepliaklqana
Kikubaaqudgha
Makhleb
Okawaru
Qazlal
Ru
Sif Muna
Wu Jian
Yredelemnul
Zin
The Shining One

Shops:
D:3 *


Innate Abilities, Weirdness & Mutations

You are too large for most types of armour.
You have tough skin. (AC +1)


Message History

The iguana is lightly wounded.
The iguana bites you.
You hit the iguana but do no damage.
The iguana is lightly wounded.
The iguana bites you but does no damage.
The iguana closely misses you.
You hit the iguana but do no damage.
The iguana is lightly wounded.
The iguana bites you!
You closely miss the iguana.
The iguana is lightly wounded.
The iguana closely misses you.
You hit the iguana.
The iguana is heavily wounded.
The iguana bites you!
You barely miss the iguana.
The iguana is heavily wounded.
The iguana barely misses you.
You barely miss the iguana.
The iguana is heavily wounded.
The iguana bites you but does no damage.
You hit the iguana.
The iguana is heavily wounded.
The iguana bites you but does no damage.
You closely miss the iguana.
The iguana is heavily wounded.
The iguana bites you but does no damage.
You barely miss the iguana.
The iguana is heavily wounded.
The iguana bites you!
* * * LOW HITPOINT WARNING * * *
You hit the iguana but do no damage.
The iguana is heavily wounded.
The iguana bites you.
* * * LOW HITPOINT WARNING * * *
The iguana closely misses you.
You hit the iguana but do no damage.
The iguana is heavily wounded.
The iguana bites you!
You die...

....... .# ....... .####
.......#.>#. ...........#
.. ...........##..
...............
#....l............
#####.@...........>
#.................. .
####..............# ..
#..........=......... ...#
##....................
#....#.....................
#.................##....
###.....................
#......................


You could see an iguana.

Vanquished Creatures
  A phantom (D:4)
  8 adders
  A worm (D:2)
  A dart slug (D:1)
  A ball python (D:3)
  8 bats
  5 endoplasms
  3 giant cockroaches
  11 goblins
  A hobgoblin (D:2)
  8 jackals
  2 quokkas
  6 frilled lizards
  7 kobolds
  3 rats
66 creatures vanquished.

Notes
Turn   | Place    | Note
-------+----------+-------------------------------------------
     0 | D:1      | Thatpatchoflichen the Ogre Monk began the quest for the
                  | Orb.
     0 | D:1      | Reached XP level 1. HP: 24/24 MP: 1/1
   122 | D:1      | Reached skill level 3 in Maces & Flails
   126 | D:1      | Reached XP level 2. HP: 25/32 MP: 2/2
   201 | D:1      | Got the Compendium of Twisted Ignition
   352 | D:1      | Found a faded altar of an unknown god.
   876 | D:1      | Reached XP level 3. HP: 34/39 MP: 3/3
   889 | D:2      | Reached skill level 4 in Maces & Flails
   895 | D:2      | HP: 1/39 [kobold/+0 short sword (1)]
  1469 | D:2      | Identified the +1 short sword of Butchery {holy, rF++}
  1529 | D:2      | Reached XP level 4. HP: 17/48 MP: 4/4
  2720 | D:3      | Found a glowing golden altar of the Shining One.
  2722 | D:3      | Reached skill level 5 in Maces & Flails
  2762 | D:3      | Reached XP level 5. HP: 13/54 MP: 5/5
  3354 | D:3      | Found Siepp's General Store.
  3828 | D:4      | Found a staircase to the Ecumenical Temple.
  3834 | Temple   | Entered the Ecumenical Temple
  3843 | Temple   | Became a worshipper of the Wu Jian Council
  3843 | Temple   | Reached * piety under Wu Jian
  3843 | Temple   | Reached ** piety under Wu Jian
  4078 | D:4      | Found an ancient bone altar of Kikubaaqudgha.
  4092 | D:4      | Noticed a phantom
  4120 | D:4      | Killed a phantom
  4310 | D:4      | Slain by an iguana

Illustrated notes

Levels and vault maps discovered:
D:1:      spicycebolla_arrival_risky_transporter, layout_loops_ring,
          ebering_ecumenical_altar_abandoned
D:2:      layout_loops_ring
D:3:      layout_basic, lemuel_doored_altar, serial_shops, shop
D:4:      layout_layer_cave, overflow_temple_1_default,
          minmay_temple_entry_enclosed_plants
Temple:   chequers_temple_sunken

Skill      XL: |  1  2  3  4 |
---------------+-------------+-----
Maces & Flails | 3 4 5 |  5.8
Fighting       | |  4.0
Dodging        | |  2.6
Stealth        | |  1.4

Action                   |  1- 3 |  4- 6 || total
-------------------------+-------+-------++-------
Melee: Mace              |    88 |   186 ||   274
       Punch             |       |     1 ||     1
Invok: Whirlwind         |       |     2 ||     2
       Lunge             |       |     1 ||     1
 Stab: Sleeping          |     3 |     1 ||     4
Armor: Robe              |    42 |    84 ||   126
Dodge: Dodged            |    54 |   133 ||   187
